 Dungeon Crawl Stone Soup version 0.22-a0-603-gfc1114d (webtiles) character file.

3138 Irindil the Blocker (level 9, -8/74 HPs)
             Began as a Gnoll Fighter on July 7, 2018.
             Was a Follower of Ashenzari.
             Mangled by a two-headed ogre
             ... wielding a +0 giant club
              (24 damage)
             ... on level 8 of the Dungeon.
             The game lasted 00:41:14 (10383 turns).

Irindil the Blocker (Gnoll Fighter)                Turns: 10383, Time: 00:41:15

Health: -8/74      AC:  8    Str: 21    XL:     9   Next: 92%
Magic:  5/15       EV: 15    Int: 12    God:    Ashenzari [*.....]
Gold:   388        SH: 10    Dex: 19    Spells: 4/17 levels left

rFire    + . .     SeeInvis .   a - +0 war axe
rCold    + . .     Gourm    .   u - +3 buckler
rNeg     . . .     Faith    .   G - +1 leather armour of Perfidy {rF+ rC+}
rPois    .         Spirit   .   (no helmet)
rElec    .         Reflect  .   (no cloak)
rCorr    .         Harm     .   D - +1 pair of gloves
MR       .....                  x - +0 pair of boots
Stlth    +++.......             (no amulet)
HPRegen  0.22/turn              t - +5 ring of dexterity
MPRegen  0.14/turn              (no ring)

@: no status effects
A: distributed training, fangs 1, strong nose
a: Curse Item, Scrying, Renounce Religion


You were on level 8 of the Dungeon.
You worshipped Ashenzari.
Ashenzari was aware of your devotion.
You were not hungry.

You visited 2 branches of the dungeon, and saw 9 of its levels.
You also visited: Bailey.

You collected 388 gold pieces.

Inventory:

Hand Weapons
 a - a +0 war axe (weapon)
Armour
 b - a +0 scale mail
 c - a +0 shield
 u - a +3 buckler (worn)
 x - a +0 pair of boots (worn)
 D - a +1 pair of gloves (worn)
 G - the +1 leather armour of Perfidy (worn) {rF+ rC+}
   (You found it in a bailey)

   It protects you from fire.
   It protects you from cold.
Jewellery
 t - a +5 ring of dexterity (left hand)
 B - an uncursed ring of protection from fire
Wands
 v - a wand of enslavement (14)
Scrolls
 g - 6 scrolls of identify
 j - 3 scrolls of noise {unknown}
 k - 3 scrolls of teleportation {unknown}
 l - a scroll of remove curse
 m - 2 scrolls of enchant weapon {unknown}
 o - 4 scrolls of amnesia {unknown}
 p - 3 scrolls of fog {unknown}
 r - 3 scrolls of blinking {unknown}
 y - 2 scrolls of acquirement {unknown}
Potions
 d - 3 potions of might
 e - 10 potions of curing
 h - 2 potions of brilliance
 i - 4 potions of heal wounds
 q - a potion of magic
 s - a potion of lignification
 w - 3 potions of flight
 E - a potion of mutation
Comestibles
 f - 13 rations


   Skills:
 + Level 8.1 Fighting
 + Level 4.6 Short Blades
 + Level 4.6 Long Blades
 + Level 6.6 Axes
 + Level 4.6 Maces & Flails
 + Level 4.6 Polearms
 + Level 4.6 Staves
 + Level 4.6 Slings
 + Level 4.6 Bows
 + Level 4.6 Crossbows
 + Level 4.6 Throwing
 + Level 8.1 Armour
 + Level 4.6 Dodging
 + Level 4.6 Stealth
 + Level 8.1 Shields
 + Level 4.6 Unarmed Combat
 + Level 4.6 Spellcasting
 + Level 3.8 Conjurations
 + Level 3.8 Hexes
 + Level 3.8 Charms
 + Level 3.8 Summonings
 + Level 3.8 Necromancy
 + Level 3.8 Translocations
 + Level 3.8 Transmutations
 + Level 3.8 Fire Magic
 + Level 3.8 Ice Magic
 + Level 3.8 Air Magic
 + Level 3.8 Earth Magic
 + Level 3.8 Poison Magic
 + Level 5.1 Invocations
 + Level 4.6 Evocations


You had 4 spell levels left.
You knew the following spells:

 Your Spells              Type           Power        Failure   Level  Hunger
a - Blink                 Tloc           N/A          7%          2    ##.....
b - Passwall              Tmut/Erth      ##......     7%          2    ##.....
c - Confuse               Hex            ##......     14%         3    ###....
d - Stone Arrow           Conj/Erth      ##....       14%         3    ###....
e - Tukima's Dance        Hex            ##......     14%         3    ###....

Your spell library contained the following spells:

 Spells                   Type           Power        Failure   Level  Hunger
 Magic Dart               Conj           ##..         4%          1    None
 Apportation              Tloc           ##....       4%          1    None
 Conjure Flame            Conj/Fire      ##......     14%         3    ###....
 Slow                     Hex            ##......     7%          2    ##.....
 Mephitic Cloud           Conj/Pois/Air  ##......     14%         3    ###....
 Summon Small Mammal      Summ           ##..         4%          1    None
 Animate Skeleton         Necr           N/A          4%          1    None
 Call Imp                 Summ           ##......     7%          2    ##.....
 Confusing Touch          Hex            ##....       4%          1    None
 Ensorcelled Hibernation  Hex/Ice        ##....       7%          2    ##.....
 Corona                   Hex            ##.....      4%          1    None
 Lee's Rapid Deconstruct  Erth           ##........   78%         5    ######.
 Sandblast                Erth           ##....       4%          1    None
 Petrify                  Tmut/Erth      ##......     43%         4    ####...
 Dazzling Spray           Conj/Hex       ##....       14%         3    ###....


Dungeon Overview and Level Annotations

Branches:
Dungeon (8/15)             Temple (1/1) D:4
   Lair: D:8-11

Altars:
Ashenzari
Cheibriados
Dithmenos
Elyvilon
Fedhas
Gozag
Hepliaklqana
Kikubaaqudgha
Makhleb
Nemelex Xobeh
Okawaru
Qazlal
Ru
Sif Muna
Trog
Uskayaw
Vehumet
Wu Jian
Xom
Yredelemnul
Zin
The Shining One

Shops:
D:5 (*(

Annotations:
D:5 3 runed doors, vineage's ghost, amateur GrFi


Innate Abilities, Weirdness & Mutations

Your experience applies equally to all skills.
You have very sharp teeth.
Your uncanny sense of smell can sniff out nearby items.


Message History

The two-headed ogre easily resists.
The two-headed ogre hits you with a giant club.
The two-headed ogre hits you with a giant club!
Casting: Tukima's Dance (safe; 14% risk of failure)
Confirm with . or Enter, or press ? or * to list all spells.
Aiming: Tukima's Dance (safe; 14% risk of failure)
Press: ? - help, Shift-Dir - straight line, f/p - two-headed ogre
Aim: a two-headed ogre, wielding two giant clubs (chance to defeat MR: 31%)
The two-headed ogre easily resists.
The two-headed ogre hits you with a giant club!
The two-headed ogre hits you with a giant club!!
* * * LOW HITPOINT WARNING * * *
Casting: Tukima's Dance (safe; 14% risk of failure)
Confirm with . or Enter, or press ? or * to list all spells.
You blink.
Casting: Blink (safe; 7% risk of failure)
Confirm with . or Enter, or press ? or * to list all spells.
You blink.
The two-headed ogre hits you with a giant club!!
You die...

#######
#.....############
#.....'...#...§..#
#.....#...#....O.#
#...<.#...#...@..#
#.....#...#......#
#..)..#...#......#
#.....#...#...[..#
#.....#...#......#
###.....#...##.....#
O...#'###...##.....#
....#.........÷....#
....#.)............#


You could see a two-headed ogre.

Vanquished Creatures
  A spriggan (D:7)
  A hungry ghost (D:7)
  Edmund (D:4)
  3 sky beasts
  3 orc warriors
  2 phantoms
  An ogre (D:7)
  3 centaurs (D:6)
  2 bullfrogs
  2 scorpions
  4 wights (D:6)
  3 killer bees (D:7)
  An electric eel (D:7)
  3 crimson imps
  A bullfrog zombie (D:8)
  2 bullfrog skeletons
  2 hounds
  6 orc priests
  A jelly (D:7)
  A centaur skeleton (D:4)
  3 orc wizards
  Jessica (D:3)
  An iguana (D:4)
  5 worker ants
  A hound zombie (D:5)
  2 hound skeletons (D:7)
  2 gnolls (Bailey)
  13 adders
  5 oozes
  An adder zombie (D:4)
  4 worms
  5 dart slugs
  3 leopard geckos
  21 orcs
  5 bats
  A giant cockroach (D:3)
  19 goblins
  6 hobgoblins
  13 jackals
  A quokka (D:4)
  2 ball pythons
  2 frilled lizards
  13 kobolds
  5 rats
177 creatures vanquished.

Vanquished Creatures (collateral kills)
  A crimson imp (D:6)
1 creature vanquished.

Vanquished Creatures (others)
  A wight (D:6)
  An orc (D:7)
2 creatures vanquished.

Grand Total: 180 creatures vanquished

Notes
Turn   | Place    | Note
-------+----------+-------------------------------------------
     0 | D:1      | Irindil the Gnoll Fighter began the quest for the Orb.
     0 | D:1      | Reached XP level 1. HP: 23/23 MP: 1/1
   146 | D:1      | Reached XP level 2. HP: 29/29 MP: 2/2
   409 | D:1      | Reached XP level 3. HP: 23/35 MP: 3/3
   878 | D:2      | Reached skill level 1 in Invocations
   886 | D:2      | Found a white marble altar of Elyvilon.
  1032 | D:2      | Reached skill level 1 in Short Blades
  1032 | D:2      | Reached skill level 1 in Long Blades
  1032 | D:2      | Reached skill level 1 in Maces & Flails
  1032 | D:2      | Reached skill level 1 in Polearms
  1032 | D:2      | Reached skill level 1 in Staves
  1032 | D:2      | Reached skill level 1 in Slings
  1032 | D:2      | Reached skill level 1 in Bows
  1032 | D:2      | Reached skill level 1 in Crossbows
  1032 | D:2      | Reached skill level 1 in Throwing
  1032 | D:2      | Reached skill level 1 in Dodging
  1032 | D:2      | Reached skill level 1 in Stealth
  1032 | D:2      | Reached skill level 1 in Unarmed Combat
  1032 | D:2      | Reached skill level 1 in Spellcasting
  1032 | D:2      | Reached skill level 1 in Evocations
  1140 | D:2      | Reached XP level 4. HP: 38/41 MP: 5/5
  1150 | D:2      | Learned a level 2 spell: Blink
  1154 | D:2      | Found a sacrificial altar of Ru.
  1598 | D:2      | Found a hide-covered altar of Uskayaw.
  1600 | D:2      | Found an opulent altar of Gozag.
  1600 | D:2      | Found an ancient bone altar of Kikubaaqudgha.
  1602 | D:2      | Found a shimmering altar of Xom.
  1602 | D:2      | Found a hazy altar of Hepliaklqana.
  1602 | D:2      | Found an iron altar of Okawaru.
  1656 | D:2      | Reached skill level 1 in Conjurations
  1656 | D:2      | Reached skill level 1 in Hexes
  1656 | D:2      | Reached skill level 1 in Charms
  1656 | D:2      | Reached skill level 1 in Summonings
  1656 | D:2      | Reached skill level 1 in Necromancy
  1656 | D:2      | Reached skill level 1 in Translocations
  1656 | D:2      | Reached skill level 1 in Transmutations
  1656 | D:2      | Reached skill level 1 in Fire Magic
  1656 | D:2      | Reached skill level 1 in Ice Magic
  1656 | D:2      | Reached skill level 1 in Air Magic
  1656 | D:2      | Reached skill level 1 in Earth Magic
  1656 | D:2      | Reached skill level 1 in Poison Magic
  1837 | D:3      | Reached XP level 5. HP: 36/47 MP: 6/6
  2039 | D:3      | Noticed Jessica
  2042 | D:3      | Killed Jessica
  2195 | D:3      | Found an ornate altar of the Wu Jian Council.
  2363 | D:3      | Found a sparkling altar of Nemelex Xobeh.
  2737 | D:4      | Reached XP level 6. HP: 42/53 MP: 8/8
  2798 | D:4      | Noticed Edmund
  2814 | D:4      | HP: 1/53 [something (6)]
  3163 | D:4      | Reached skill level 5 in Axes
  3448 | D:4      | Noticed an ice beast
  3709 | D:4      | Killed Edmund
  3709 | D:4      | Reached XP level 7. HP: 49/59 MP: 10/10
  3855 | D:4      | Found a staircase to the Ecumenical Temple.
  3864 | Temple   | Entered the Ecumenical Temple
  3909 | Temple   | Became a worshipper of Ashenzari the Shackled
  4394 | D:5      | Entered Level 5 of the Dungeon
  4394 | D:5      | Found a runed gate.
  4394 | D:5      | Found a runed gate.
  4394 | D:5      | Found a runed gate.
  4400 | D:5      | Noticed vineage's ghost (amateur GrFi)
  4433 | D:5      | Found Juzuar's Weapon Shop.
  4508 | D:5      | Found Viugi's General Store.
  4521 | D:5      | Found a shadowy altar of Dithmenos.
  4756 | D:5      | Found Geuphous's Antique Weapon Shoppe.
  5395 | D:6      | Found a glowing silver altar of Zin.
  5655 | D:6      | Reached XP level 8. HP: 40/67 MP: 12/12
  5806 | D:6      | Found an opulent altar of Gozag.
  6040 | D:6      | Found a shimmering altar of Xom.
  6050 | D:6      | Found a hazy altar of Hepliaklqana.
  6094 | D:6      | Found a stormy altar of Qazlal.
  6099 | D:6      | Noticed a water elemental
  6133 | D:6      | Noticed an air elemental
  6321 | D:6      | Found a bloodstained altar of Trog.
  6998 | D:7      | Found a basalt altar of Yredelemnul.
  7035 | D:7      | Reached XP level 9. HP: 56/72 MP: 14/14
  7283 | D:7      | Reached * piety under Ashenzari
  8153 | D:8      | Found a flagged portal.
  8172 | Bailey   | Entered a bailey
  8177 | Bailey   | Noticed an orc warlord
  8581 | Bailey   | Found a runed gate.
  8583 | Bailey   | Found a runed gate.
  8585 | Bailey   | Found a runed gate.
  9054 | Bailey   | Got the uncursed leather armour of Perfidy {rF+ rC+}
  9072 | D:8      | Identified the +1 leather armour of Perfidy {rF+ rC+} (You found it in a bailey)
  9111 | D:8      | Noticed a two-headed ogre
  9125 | D:8      | Found a hide-covered altar of Uskayaw.
  9186 | D:8      | Noticed a two-headed ogre
  9659 | D:7      | Reached skill level 5 in Invocations
 10366 | D:7      | Learned a level 2 spell: Passwall
 10370 | D:7      | Learned a level 3 spell: Confuse
 10374 | D:7      | Learned a level 3 spell: Stone Arrow
 10378 | D:7      | Learned a level 3 spell: Tukima's Dance
 10383 | D:8      | Mangled by a two-headed ogre

Vault maps used:
D:1:      dpeg_arrival_short_road
D:2:      nicolae_ru_awakened_eye, elyvilon_altar_3, doesnt_xom_only_xom
D:3:      lemuel_coloured_pillars_altar, overflow_temple_1_default,
          first_ration, uniq_jessica
D:4:      lemuel_temple_firewalk_b, uniq_edmund
D:5:      nicolae_dithmenos_shadow_blocks, ebering_ghost_rock_garden,
          serial_shops, shop, shop, nicolae_shop_stone, st_stairs_1
D:6:      kennysheep_mini, lemuel_round_altar, lemuel_doored_altar,
          nicolae_overflow_crystal_walls, bloody_trog,
          nicolae_qazlal_style_of_elements
D:7:      lemuel_crystal_altar, the_bakery, hangedman_decor_points,
          lightli_minifort
D:8:      lemuel_round_altar, enter_bailey_3, special_room
Temple:   jpeg_temple_island
Bailey:   bailey_axe_bossmonster_kennysheep, bailey

Skill      XL: |  1  2  3  4  5  6  7  8  9 |
---------------+----------------------------+-----
Invocations    | 1 2 3 4 5 |  5.1
Short Blades   | 1 2 3 4 |  4.6
Long Blades    | 1 2 3 4 |  4.6
Maces & Flails | 1 2 3 4 |  4.6
Polearms       | 1 2 3 4 |  4.6
Staves         | 1 2 3 4 |  4.6
Slings         | 1 2 3 4 |  4.6
Bows           | 1 2 3 4 |  4.6
Crossbows      | 1 2 3 4 |  4.6
Throwing       | 1 2 3 4 |  4.6
Dodging        | 1 2 3 4 |  4.6
Stealth        | 1 2 3 4 |  4.6
Unarmed Combat | 1 2 3 4 |  4.6
Spellcasting   | 1 2 3 4 |  4.6
Evocations     | 1 2 3 4 |  4.6
Conjurations   | 1 2 3 |  3.8
Hexes          | 1 2 3 |  3.8
Charms         | 1 2 3 |  3.8
Summonings     | 1 2 3 |  3.8
Necromancy     | 1 2 3 |  3.8
Translocations | 1 2 3 |  3.8
Transmutations | 1 2 3 |  3.8
Fire Magic     | 1 2 3 |  3.8
Ice Magic      | 1 2 3 |  3.8
Air Magic      | 1 2 3 |  3.8
Earth Magic    | 1 2 3 |  3.8
Poison Magic   | 1 2 3 |  3.8
Axes           | 5 6 |  6.6
Fighting       | 7 8 |  8.1
Armour         | 7 8 |  8.1
Shields        | 7 8 |  8.1

Action                   |  1- 3 |  4- 6 |  7- 9 || total
-------------------------+-------+-------+-------++-------
Melee: War axe           |    69 |   179 |   454 ||   702
       Bite              |     4 |    13 |    70 ||    87
 Cast: Blink             |       |       |    29 ||    29
       Tukima's Dance    |       |       |     2 ||     2
Evoke: Wand              |       |     1 |     1 ||     2
  Use: Potion            |       |       |     2 ||     2
       Scroll            |       |       |     9 ||     9
 Stab: Sleeping          |       |       |     2 ||     2
       Distracted        |       |       |     1 ||     1
  Eat: Chunk             |       |     5 |    18 ||    23
       Ration            |       |     1 |     3 ||     4
Armor: Scale mail        |    15 |    55 |   137 ||   207
       Leather armour    |       |       |    24 ||    24
Dodge: Dodged            |    17 |    56 |   260 ||   333
Block: Shield            |    33 |    57 |       ||    90
       Buckler           |       |    27 |   193 ||   220

Table legend:
 A = Spawn XP
 B = Non-spawn XP
 C = Spawn XP percentage of total XP
 D = Spawn monster count
 E = Non-spawn monster count
 F = Spawn count percentage of total count
 G = Total turns spent on level
                    A         B        C        D         E        F      G
               +---------+---------+-------+---------+---------+-------+---------
         Total |       0 |    4484 |   0.0 |       0 |     179 |   0.0 | 10383
               +---------+---------+-------+---------+---------+-------+---------
           D:1 |       0 |      35 |   0.0 |       0 |      17 |   0.0 |   730
           D:2 |       0 |      98 |   0.0 |       0 |      19 |   0.0 |   966
           D:3 |       0 |     176 |   0.0 |       0 |      25 |   0.0 |  1571
           D:4 |       0 |     374 |   0.0 |       0 |      18 |   0.0 |   918
           D:5 |       0 |     325 |   0.0 |       0 |      12 |   0.0 |  1147
           D:6 |       0 |    1086 |   0.0 |       0 |      20 |   0.0 |  1563
           D:7 |       0 |    1633 |   0.0 |       0 |      31 |   0.0 |  1864
           D:8 |       0 |     425 |   0.0 |       0 |      17 |   0.0 |   526
        Bailey |       0 |     332 |   0.0 |       0 |      20 |   0.0 |   889
               +---------+---------+-------+---------+---------+-------+---------
